 Dungeon Crawl Stone Soup version 0.30-a0-634-g8abc85282e (webtiles) character file.

Game seed: 452759960527987428

42719 wormed the Carver (level 14, -1/109 HPs)
             Began as a Gnoll Wanderer on Jan 14, 2023.
             Was a High Priest of Cheibriados.
             Slain by a cane toad (13 damage)
             ... on level 5 of the Lair of Beasts.
             The game lasted 00:30:23 (15420 turns).

wormed the Carver (Gnoll Wanderer)                 Turns: 15420, Time: 00:30:23

Health: -1/109     AC: 13    Str: 29    XL:     14   Next: 21%
Magic:  22/27      EV: 19    Int: 24    God:    Cheibriados [*****.]
Gold:   1961       SH:  8    Dex: 23    Spells: 29/31 levels left

rFire   + . .      SeeInvis +    a - +2 falchion (flame)
rCold   + . .      Faith    .    b - +1 buckler {AC+3}
rNeg    . . .      Spirit   .    i - +1 ring mail of Wrong Decisions {rF+ rC+ SInv}
rPois   .          Reflect  .    (no helmet)
rElec   .          Harm     .    t - +0 cloak
rCorr   .          Rampage  .    u - +0 pair of gloves
Will    +....                    I - +2 pair of boots
Stlth   ++++                     e - amulet of regeneration
HPRegen 1.18/turn                (no ring)
MPRegen 0.20/turn                (no ring)

@: lethally poisoned (-1 -> -6), corroded, very slow
A: fangs 1, strong nose, distributed training
a: Renounce Religion, Bend Time, Temporal Distortion, Slouch, Step From Time


You were on level 5 of the Lair of Beasts.
You worshipped Cheibriados.
Cheibriados was extremely pleased with you.
You visited 3 branches of the dungeon, and saw 15 of its levels.

You collected 1961 gold pieces.

Inventory:

Hand Weapons
 a - a +2 falchion of flaming (weapon)
 q - a +4 dagger of venom
Missiles
 c - 21 poisoned darts
 h - 5 javelins
 o - 5 curare-tipped darts (quivered)
 x - 5 atropa-tipped darts
Armour
 b - a +1 buckler of protection (worn)
 i - the +1 ring mail of Wrong Decisions (worn) {rF+ rC+ SInv}
   (You found it on level 7 of the Dungeon)

   rF:        It protects you from fire.
   rC:        It protects you from cold.
   SInv:      It lets you see invisible.
 t - a +0 cloak (worn)
 u - a +0 pair of gloves (worn)
 I - a +2 pair of boots (worn)
Magical Staves
 r - a staff of death
Jewellery
 e - an amulet of regeneration (around neck)
 m - a ring of fire
 p - an amulet of the acrobat
 y - a ring of see invisible
 z - an amulet of reflection
 E - an amulet of guardian spirit
Wands
 j - a wand of acid (25)
 k - a wand of paralysis (4)
 s - a wand of flame (29)
 B - a wand of digging (6)
 D - a wand of mindburst (19)
Scrolls
 d - 2 scrolls of amnesia
 n - a scroll of fog
 v - 2 scrolls of magic mapping
 A - a scroll of enchant weapon
 G - a scroll of silence {unknown}
 H - a scroll of blinking
 J - a scroll of teleportation
Potions
 g - 2 potions of brilliance
 l - 2 potions of invisibility
 w - 2 potions of mutation
 C - a potion of attraction
 F - a potion of ambrosia


   Skills:
 + Level 9.7 Fighting
 + Level 9.7 Short Blades
 + Level 12.5 Long Blades
 + Level 9.3 Axes
 + Level 9.3 Maces & Flails
 + Level 9.3 Polearms
 + Level 9.3 Staves
 + Level 9.3 Ranged Weapons
 + Level 9.3 Throwing
 + Level 10.4 Armour
 + Level 10.4 Dodging
 + Level 9.3 Stealth
 + Level 9.3 Shields
 + Level 9.3 Unarmed Combat
 + Level 9.3 Spellcasting
 + Level 7.8 Conjurations
 + Level 7.8 Hexes
 + Level 7.8 Summonings
 + Level 7.8 Necromancy
 + Level 7.8 Translocations
 + Level 7.8 Transmutations
 + Level 7.8 Fire Magic
 + Level 7.8 Ice Magic
 + Level 7.8 Air Magic
 + Level 7.8 Earth Magic
 + Level 7.8 Poison Magic
 + Level 10.2 Invocations
 + Level 9.3 Evocations


You had 29 spell levels left.
You knew the following spells:

 Your Spells              Type           Power      Damage    Failure   Level
a - Blink                 Tloc           96%        N/A       1%          2

Your spell library contained the following spells:

 Spells                   Type           Power      Damage    Failure   Level
 Apportation              Tloc           96%        N/A       1%          1
 Necrotise                Necr           100%       1d9       1%          1
 Summon Small Mammal      Summ           100%       N/A       1%          1
 Momentum Strike          Conj/Tloc      96%        3d10      1%          2
 Dazzling Flash           Conj/Hex       96%        N/A       1%          3
 Gell's Gravitas          Tloc           48%        N/A       1%          3
 Lesser Beckoning         Tloc           96%        N/A       1%          3
 Teleport Other           Tloc           48%        N/A       1%          3
 Vhi's Electric Charge    Tloc/Air       96%        N/A       1%          3
 Agony                    Necr           48%        N/A       11%         5
 Arcjolt                  Conj/Air       24%        1d34      11%         5
 Iskenderun's Battlesphe  Conj           48%        2d10      11%         5
 Silence                  Hex/Air        24%        N/A       11%         5
 Iron Shot                Conj/Erth      24%        9d5       50%         6
 Spellforged Servitor     Conj/Summ      24%        N/A       97%         7
 Maxwell's Capacitive Co  Air            24%        ∞         100%        8


Dungeon Overview and Level Annotations

Branches:
Dungeon (9/15)             Temple (1/1) D:6            Lair (5/5) D:8
  Swamp (0/4) Lair:2        Snake (0/4) Lair:3        Slime (0/5) Lair:4
    Orc: D:9-12

Altars:
Ashenzari
Cheibriados
Elyvilon
Gozag
Hepliaklqana
Kikubaaqudgha
Nemelex Xobeh
Okawaru
Ru
Sif Muna
Trog
Vehumet
Xom
Yredelemnul
Zin
Jiyva

Shops:
D:5 *

Annotations:
Lair:2 exclusion: oklob plant
Lair:3 exclusion: oklob plant


Innate Abilities, Weirdness & Mutations

You have very sharp teeth.
Your uncanny sense of smell can sniff out nearby items.
Your experience applies equally to all skills.


Message History

You slash the goliath frog! You burn the goliath frog.
The goliath frog is heavily wounded.
You feel sick. You block the goliath frog's attack.
You are too injured to fight recklessly!
You are too injured to fight recklessly!
You are too injured to fight recklessly!
You are too injured to fight recklessly!
You are too injured to fight recklessly!
You are too injured to fight recklessly!
You are too injured to fight recklessly!
You slash the goliath frog! You burn the goliath frog.
The goliath frog is severely wounded.
You feel sick. The goliath frog barely misses you.
You hit the goliath frog but do no damage.
The goliath frog is heavily wounded.
You feel sick. The cane toad stings you!
You are more poisoned.
The cane toad poisons you! You block the goliath frog's attack.
You hit the goliath frog. You burn the goliath frog.
The goliath frog is severely wounded.
You feel very sick. The cane toad stings you!!
* * * LOW HITPOINT WARNING * * *
The goliath frog barely misses you.
Activating: Slouch (1% risk of failure)
Press: ? - help, Dir - look around, f - activate You can feel time thicken for a moment.
You kill the goliath frog!
Cheibriados thoroughly appreciates the change of pace.
Cheibriados lowers the support of your attributes as your movement quickens.
You feel very sick. The cane toad completely misses you.
You hit the cane toad but do no damage.
The cane toad is severely wounded.
You feel sick. The cane toad stings you!
* * * LOW HITPOINT WARNING * * *
You hit the cane toad but do no damage.
The cane toad is severely wounded.
You feel sick. The cane toad stings you!
You die...

.....................†........
...... #...####....P.....#.P.
..... #.# ##.........#.#. #...
#.#####....###...#...
#.###..###†...#......###...#..
.?......$......##...###...+...
...............#.....###...##.
..#.#...#.##F..##....##.+##.#.
#..######@.##...####..##..
#... #.†.......#...####.
##.....................###.
................<.........
...........................
............................
.........................
.........................
......###.#...........†..


You could see a cane toad.

Vanquished Creatures
  Harold (D:8)
  3 hydras
  A catoblepas (Lair:4)
  A boulder beetle (Lair:2)
  A death yak (Lair:4)
  Amaemon (D:9)
  2 goliath frogs (Lair:5)
  A lindwurm (Lair:2)
  A bog body (Lair:2)
  Pikel (D:9)
  5 elephants
  5 black mambas
  A torpor snail (Lair:3)
  19 cane toads
  12 rime drakes
  Maggie (D:7)
  Psyche (D:8)
  5 komodo dragons
  A troll (D:9)
  3 polar bears (Lair:4)
  A hornet (D:9)
  18 blink frogs
  Sigmund (D:3)
  3 slime creatures (D:9)
  30 yaks
  4 wyverns
  11 steam dragons
  A basilisk (Lair:4)
  5 vampire mosquitoes
  An acid dragon (D:8)
  Edmund (D:5)
  2 nagas (Lair:3)
  14 water moccasins
  2 sky beasts (D:7)
  An ice beast (D:6)
  4 black bears
  4 orc warriors
  An ogre (D:6)
  29 wolves
  2 centaurs
  2 phantoms (D:4)
  2 kobold brigands
  13 bullfrogs
  A gnoll sergeant (D:6)
  3 necrophages
  A water moccasin zombie (D:5)
  3 scorpions
  13 wights
  17 killer bees
  An electric eel (D:7)
  A howler monkey (D:5)
  2 bullfrog zombies (D:5)
  3 orc priests
  4 hounds
  A jelly (D:6)
  Crazy Yiuf (D:3)
  Jessica (D:3)
  A centaur skeleton (D:5)
  7 hell rats (Lair:3)
  2 iguanas
  9 orc wizards
  A howler monkey zombie (D:5)
  19 gnolls
  A howler monkey skeleton (D:5)
  5 adders
  A shadow imp (D:7)
  2 white imps
  An ufetubus (D:4)
  2 worms
  A dart slug (D:3)
  38 orcs
  4 ball pythons
  4 bats (D:1)
  6 endoplasms
  8 giant cockroaches
  7 goblins
  7 hobgoblins
  10 jackals
  18 kobolds
  5 quokkas
  6 frilled lizards
  4 rats
439 creatures vanquished.

Vanquished Creatures (others)
  2 steam dragons (Lair:2)
  71 fungi
  174 plants
  16 withered plants
263 creatures vanquished.

Grand Total: 702 creatures vanquished

Notes
Turn   | Place    | Note
-------+----------+-------------------------------------------
     0 | D:1      | wormed the Gnoll Wanderer began the quest for the Orb.
     0 | D:1      | wormed set off with the following items: a +2 falchion, a
                  | +0 short sword, a +0 ring mail, a scroll of teleportation.
     0 | D:1      | Reached XP level 1. HP: 17/17 MP: 1/1
   101 | D:1      | Reached XP level 2. HP: 22/23 MP: 2/2
   522 | D:1      | Reached XP level 3. HP: 28/28 MP: 3/3
   596 | D:1      | Reached skill level 1 in Invocations
  1016 | D:2      | Found a bloodstained altar of Trog.
  1134 | D:2      | Reached skill level 1 in Axes
  1134 | D:2      | Reached skill level 1 in Maces & Flails
  1134 | D:2      | Reached skill level 1 in Polearms
  1134 | D:2      | Reached skill level 1 in Staves
  1134 | D:2      | Reached skill level 1 in Ranged Weapons
  1134 | D:2      | Reached skill level 1 in Throwing
  1134 | D:2      | Reached skill level 1 in Stealth
  1134 | D:2      | Reached skill level 1 in Shields
  1134 | D:2      | Reached skill level 1 in Unarmed Combat
  1134 | D:2      | Reached skill level 1 in Spellcasting
  1134 | D:2      | Reached skill level 1 in Evocations
  1140 | D:2      | Reached XP level 4. HP: 18/34 MP: 5/5
  1151 | D:2      | Reached skill level 1 in Conjurations
  1151 | D:2      | Reached skill level 1 in Hexes
  1151 | D:2      | Reached skill level 1 in Summonings
  1151 | D:2      | Reached skill level 1 in Necromancy
  1151 | D:2      | Reached skill level 1 in Translocations
  1151 | D:2      | Reached skill level 1 in Transmutations
  1151 | D:2      | Reached skill level 1 in Fire Magic
  1151 | D:2      | Reached skill level 1 in Ice Magic
  1151 | D:2      | Reached skill level 1 in Air Magic
  1151 | D:2      | Reached skill level 1 in Earth Magic
  1151 | D:2      | Reached skill level 1 in Poison Magic
  1796 | D:2      | Identified a scroll of acquirement
  1796 | D:2      | Acquired a +1 buckler of protection
  1809 | D:3      | Noticed a necrophage
  1814 | D:3      | Killed a necrophage
  1815 | D:3      | Reached XP level 5. HP: 41/41 MP: 5/7
  2029 | D:3      | Noticed Sigmund
  2046 | D:3      | Killed Sigmund
  2047 | D:3      | Reached skill level 5 in Armour
  2047 | D:3      | Reached skill level 5 in Dodging
  2047 | D:3      | Reached XP level 6. HP: 37/47 MP: 7/9
  2239 | D:3      | Noticed Jessica
  2242 | D:3      | Killed Jessica
  2566 | D:3      | Found a runed translucent door.
  2567 | D:3      | Noticed Crazy Yiuf
  2574 | D:3      | Killed Crazy Yiuf
  2601 | D:4      | Noticed a steam dragon
  2677 | D:4      | Reached XP level 7. HP: 48/52 MP: 10/10
  3118 | D:4      | Reached skill level 9 in Long Blades
  3452 | D:4      | Killed a steam dragon
  3621 | D:5      | Entered Level 5 of the Dungeon
  3631 | D:5      | Reached XP level 8. HP: 53/60 MP: 12/12
  4507 | D:5      | Noticed Edmund
  4532 | D:5      | Killed Edmund
  4767 | D:5      | Found Ofuxt's Overcharged Wands.
  4794 | D:5      | Reached XP level 9. HP: 16/67 MP: 13/15
  5241 | D:6      | Reached skill level 5 in Fighting
  5241 | D:6      | Reached skill level 5 in Short Blades
  5879 | D:6      | Reached skill level 5 in Invocations
  6303 | D:6      | Found a staircase to the Ecumenical Temple.
  6611 | Temple   | Entered the Ecumenical Temple
  6631 | Temple   | Became a worshipper of Cheibriados the Contemplative
  6648 | D:6      | Acquired 562 gold pieces
  6684 | D:7      | Identified the +1 ring mail of Wrong Decisions {rF+ rC+
                  | SInv}
  6982 | D:7      | Reached skill level 5 in Axes
  6982 | D:7      | Reached skill level 5 in Maces & Flails
  6982 | D:7      | Reached skill level 5 in Polearms
  6982 | D:7      | Reached skill level 5 in Staves
  6982 | D:7      | Reached skill level 5 in Ranged Weapons
  6982 | D:7      | Reached skill level 5 in Throwing
  6982 | D:7      | Reached skill level 5 in Stealth
  6982 | D:7      | Reached skill level 5 in Shields
  6982 | D:7      | Reached skill level 5 in Unarmed Combat
  6982 | D:7      | Reached skill level 5 in Spellcasting
  6982 | D:7      | Reached skill level 5 in Evocations
  6982 | D:7      | Reached XP level 10. HP: 76/76 MP: 17/17
  7000 | D:7      | Noticed Maggie
  7017 | D:7      | Killed Maggie
  7018 | D:7      | Reached skill level 10 in Long Blades
  7344 | D:8      | Noticed Psyche
  7360 | D:8      | Killed Psyche
  7539 | D:8      | Reached * piety under Cheibriados
  7563 | D:8      | Found an ancient bone altar of Kikubaaqudgha.
  7812 | D:8      | Found a staircase to the Lair.
  7888 | D:8      | Reached ** piety under Cheibriados
  8565 | D:9      | Noticed Harold
  8565 | D:9      | Noticed Pikel
  8585 | D:9      | Killed Pikel
  8586 | D:9      | Reached skill level 5 in Conjurations
  8586 | D:9      | Reached skill level 5 in Hexes
  8586 | D:9      | Reached skill level 5 in Summonings
  8586 | D:9      | Reached skill level 5 in Necromancy
  8586 | D:9      | Reached skill level 5 in Translocations
  8586 | D:9      | Reached skill level 5 in Transmutations
  8586 | D:9      | Reached skill level 5 in Fire Magic
  8586 | D:9      | Reached skill level 5 in Ice Magic
  8586 | D:9      | Reached skill level 5 in Air Magic
  8586 | D:9      | Reached skill level 5 in Earth Magic
  8586 | D:9      | Reached skill level 5 in Poison Magic
  8586 | D:9      | Reached XP level 11. HP: 83/83 MP: 18/20
  8653 | D:8      | Killed Harold
  9153 | D:9      | Reached *** piety under Cheibriados
  9165 | D:9      | HP: 2/78 [yak (12)]
  9658 | D:9      | Noticed Amaemon
  9697 | D:9      | Killed Amaemon
  9880 | Lair:1   | Entered Level 1 of the Lair of Beasts
 10000 | Lair:1   | Reached **** piety under Cheibriados
 10277 | Lair:1   | Reached skill level 11 in Long Blades
 10509 | Lair:1   | Reached XP level 12. HP: 81/91 MP: 22/22
 10914 | Lair:2   | Found a staircase to the Swamp.
 10977 | Lair:2   | Noticed a boulder beetle
 11042 | Lair:2   | Killed a boulder beetle
 11934 | Lair:3   | Noticed a six-headed hydra
 11950 | Lair:3   | Killed a six-headed hydra
 12037 | Lair:3   | Noticed a four-headed hydra
 12054 | Lair:3   | Killed a four-headed hydra
 12141 | Lair:3   | Reached XP level 13. HP: 65/99 MP: 20/25
 12351 | Lair:3   | Found a staircase to the Snake Pit.
 12669 | Lair:3   | You fall into a shaft and drop 2 floors!
 12669 | Lair:5   | Entered Level 5 of the Lair of Beasts
 12970 | Lair:4   | Reached skill level 12 in Long Blades
 13664 | Lair:2   | Learned a level 2 spell: Blink
 14385 | Lair:4   | Found a viscous altar of Jiyva.
 14388 | Lair:4   | Found a staircase to the Slime Pits.
 14540 | Lair:5   | Reached ***** piety under Cheibriados
 14541 | Lair:5   | Reached skill level 10 in Armour
 14541 | Lair:5   | Reached skill level 10 in Dodging
 15117 | Lair:5   | Reached skill level 10 in Invocations
 15117 | Lair:5   | Reached XP level 14. HP: 106/108 MP: 22/27
 15420 | Lair:5   | Slain by a cane toad

Illustrated notes

Levels and vault maps discovered:
D:1:      amcnicky_arrival_wind_blow, layout_basic, dk_noncrumbling_2,
          grunt_decor_clamped, st_stairs_3
D:2:      layout_loops_cross, basic_altar
D:3:      layout_loops_ring, minmay_misc_feat_hallway, uniq_jessica,
          uniq_crazy_yiuf_cottage, uniq_sigmund
D:4:      layout_basic, minmay_misc_feat_pillars
D:5:      layout_basic, serial_undead, serial_undead_f, serial_undead_c,
          serial_undead_e, serial_undead_e, corexii_checkpoint_a,
          nicolae_shop_overcharged_wands, uniq_edmund
D:6:      layout_basic, minmay_temple_entry_enclosed_plants,
          nicolae_grassy_gnolls
D:7:      layout_cave_pools, kennysheep_potato, uniq_maggie
D:8:      layout_basic, nicolae_kikubaaqudgha_miasma_corner,
          due_lair_maze_entry_diamond, enter_bailey_2, uniq_psyche
D:9:      layout_gridville, david_orc_5, minmay_orc_keep, uniq_harold,
          uniq_pikel, uniq_amaemon
Temple:   nicolae_temple_bog_church
Lair:1:   layout_roguey, chequers_serial_rivers_marsh, minmay_holes,
          minivault_23, grunt_megastairs_1
Lair:2:   layout_roguey, skrybe_swamp_entry_bodies, bobbens_dragon_lair_wall
Lair:3:   layout_loops_ring, guppyfry_snake_entry_garden
Lair:4:   layout_small_grid, minmay_slime_entry_oklob_enclosed,
          beast_lair_carwin_8, grunt_megastairs_2
Lair:5:   minmay_lair_end_frog_pond, layout_regular_city,
          grunt_forest_stairs_basic, pdpol_lair_neglected_garden,
          nzn_sisyphean_effort

Skill      XL: |  1  2  3  4  5  6  7  8  9 10 11 12 13 |
---------------+----------------------------------------+-----
Invocations    | 1 2 3 4 5 6 7 8 10 | 10.2
Axes           | 1 2 3 4 5 6 7 8 9 |  9.3
Maces & Flails | 1 2 3 4 5 6 7 8 9 |  9.3
Polearms       | 1 2 3 4 5 6 7 8 9 |  9.3
Staves         | 1 2 3 4 5 6 7 8 9 |  9.3
Ranged Weapons | 1 2 3 4 5 6 7 8 9 |  9.3
Throwing       | 1 2 3 4 5 6 7 8 9 |  9.3
Stealth        | 1 2 3 4 5 6 7 8 9 |  9.3
Shields        | 1 2 3 4 5 6 7 8 9 |  9.3
Unarmed Combat | 1 2 3 4 5 6 7 8 9 |  9.3
Spellcasting   | 1 2 3 4 5 6 7 8 9 |  9.3
Evocations     | 1 2 3 4 5 6 7 8 9 |  9.3
Conjurations   | 1 2 3 4 5 6 7 |  7.8
Hexes          | 1 2 3 4 5 6 7 |  7.8
Summonings     | 1 2 3 4 5 6 7 |  7.8
Necromancy     | 1 2 3 4 5 6 7 |  7.8
Translocations | 1 2 3 4 5 6 7 |  7.8
Transmutations | 1 2 3 4 5 6 7 |  7.8
Fire Magic     | 1 2 3 4 5 6 7 |  7.8
Ice Magic      | 1 2 3 4 5 6 7 |  7.8
Air Magic      | 1 2 3 4 5 6 7 |  7.8
Earth Magic    | 1 2 3 4 5 6 7 |  7.8
Poison Magic   | 1 2 3 4 5 6 7 |  7.8
Fighting       | 3 4 5 6 7 8 9 |  9.7
Short Blades   | 3 4 5 6 7 8 9 |  9.7
Armour         | 5 6 7 8 9 10 | 10.4
Dodging        | 5 6 7 8 9 10 | 10.4
Long Blades    | 9 10 11 12 | 12.5

Action                   |  1- 3 |  4- 6 |  7- 9 | 10-12 | 13-15 || total
-------------------------+-------+-------+-------+-------+-------++-------
Melee: Falchion          |   107 |    99 |   603 |  1027 |   773 ||  2609
       Bite              |    10 |     6 |    82 |   140 |   116 ||   354
       Punch             |     1 |     1 |       |       |       ||     2
       Unarmed           |       |       |     6 |       |       ||     6
       Dagger            |       |       |       |    31 |    13 ||    44
Throw: Throwing net      |       |       |     1 |       |       ||     1
       Dart              |       |       |       |     7 |     4 ||    11
 Cast: Blink             |       |       |       |       |    10 ||    10
Invok: Bend Time         |       |       |       |     2 |     2 ||     4
       Slouch            |       |       |       |     4 |     3 ||     7
Evoke: Wand              |       |       |       |     7 |       ||     7
  Use: Scroll            |       |     6 |     8 |    14 |     5 ||    33
       Potion            |       |       |     4 |     7 |     4 ||    15
 Stab: Held in net/web   |       |       |     2 |       |       ||     2
       Sleeping          |       |       |       |     5 |     7 ||    12
       Paralysed         |       |       |       |     4 |       ||     4
       Distracted        |       |       |       |       |     3 ||     3
Armor: Ring mail         |    50 |    15 |   139 |   480 |   200 ||   884
       Skin              |       |       |     4 |       |       ||     4
       Steam dragon scal |       |       |    88 |       |       ||    88
Dodge: Dodged            |    94 |    40 |   322 |   948 |   501 ||  1905
Block: Buckler           |       |    11 |   127 |   471 |   296 ||   905

Table legend: (Time is in decaauts)
 A = Elapsed time spent in this place.
 B = Non-inter-level travel time spent in this place.
 C = Inter-level travel time spent in this place.
 D = Time resting spent in this place.
 E = Time spent auto-exploring this place.
 F = Levels seen in this place.
 G = Mean time per level.
                   A        B        C        D        E       F      G
               +--------+--------+--------+--------+--------+-----+--------+
         Total |  18079 |  16953 |   1126 |    100 |  12081 |  15 | 1205.3 |
       Dungeon |  10493 |   9915 |    578 |    100 |   7250 |   9 | 1165.9 |
        Temple |     39 |     22 |     17 |      0 |      0 |   1 |   39.0 |
          Lair |   7546 |   7017 |    529 |      0 |   4830 |   5 | 1509.2 |
               +--------+--------+--------+--------+--------+-----+--------+

Top non-repeatable levels by time:
  Lair:4: 1871 daAuts
  Lair:2: 1764 daAuts
     D:8: 1732 daAuts
  Lair:3: 1605 daAuts
     D:6: 1515 daAuts
     D:9: 1422 daAuts
  Lair:1: 1402 daAuts
     D:5: 1371 daAuts
     D:1: 1026 daAuts
     D:4: 947 daAuts
     D:3: 917 daAuts
  Lair:5: 903 daAuts
     D:2: 783 daAuts
     D:7: 777 daAuts
  Temple: 39 daAuts
